Nobbs, chaotic male elven Wizard --## --- -- |..# --.--- ---- --.---..#---- ---- --- |....----..------ -#- -- |......)....| --## --..| ..| -....--.....--.----U@#-.-- -......))#--.--- ---- #...---...----- ..| ---...................T^...-- ----....##-|...| |..| --...........--.- --.---..................#[....D..| --.....|---.---(>-- --............!...--........---.........%.--##.....-- |.....| |..[...(| |...........................| ----..--....- -#....| ---...| ---*-..-- -....................(.....-| |..||...... --...| ---- |-.-| |.).-- |...........--- --...........| -------....| ----- --.|.--...-- -)|.--- -- | |......| ---......|..- --...- |..........| ...|.%.|--------.....| -----...-----. |.... | -...<....|--.-----.|............------.`--..------ -- -- --.... -.......).|...|..||........................................| .....| --..........--...----.....----...----....---------- ..| -..--- --...............| ----..| ---.- -.--.| -- --- |..............-| |..| |.. ..||.| |...........`...| ---- --- ..--|.| ---.........---.| |... |.| --.|.--.--- -- --.- |. -------- -- --- Nobbs the Thaumaturge Experience level: 6 Strength: 13 Dexterity: 13 Constitution: 10 Intelligence: 20 Wisdom: 12 Charisma: 11 Health: 0(43) Energy: 4(65) Def: 1 Gold: 67 Moves: 2553 Dungeon seed: INfzEZ_Xu_BLiY-Q Game ID: Nobbs_1509482570 Your Inventory: Coins $ - 67 gold pieces Wands b - a wand of polymorph (0:4) C - a wand of lightning (0:6) Weapons a - a blessed +1 quarterstaff (weapon in hands) Armor e - an uncursed +0 cloak of magic resistance (being worn) Comestibles q - an uncursed egg r - an uncursed tin of newt meat Scrolls i - an uncursed scroll of enchant armor j - an uncursed scroll of charging k - 2 uncursed scrolls of identify p - a blessed scroll of food detection Spellbooks l - a blessed spellbook of force bolt m - an uncursed spellbook of detect food Potions f - an uncursed potion of gain energy g - an uncursed potion of water h - an uncursed potion of healing t - an uncursed potion of levitation u - an uncursed potion of hallucination w - an uncursed potion of booze z - a potion of holy water A - an uncursed potion of acid B - an uncursed potion of speed E - a blessed potion of restore ability Rings c - an uncursed +1 ring of increase accuracy (on right hand) d - an uncursed ring of slow digestion (on left hand) D - an uncursed +1 ring of increase accuracy Tools n - a magic marker (0:69) o - an uncursed tooled horn v - 2 uncursed tallow candles (0:200) x - 6 uncursed wax candles (0:400) Spells and supernatural/magical abilities: Name Level Category Fail Memory a - force bolt 1 attack 0% 88% E - detect food 2 divination 29% 88% W - pray for help -- divine ? -- Your skills at the end: Fighting Skills Weapon Skills quarterstaff [Basic] Spellcasting Skills attack spells [Basic] enchantment spells [Basic] Final Attributes: You were piously aligned. You were sleep resistant. You were magic-protected. You had infravision. You had a +1 bonus to hit. You had slower digestion. You are dead. Vanquished creatures: a small mimic a steam vortex an ettin zombie an iron piercer a werewolf a dog a plains centaur 7 gnome lords a gnomish wizard 10 dwarves a rabid rat 3 acid blobs a gas spore a hobgoblin 2 giant rats a yellow mold a red mold 26 gnomes 2 geckos 9 jackals 2 foxes 3 grid bugs a kobold zombie 4 newts 82 creatures vanquished. Voluntary challenges: You went without food. You had been an atheist until turn 1808. You used a wielded weapon 48 times, starting on turn 84. You read items or engraved 9 times, starting on turn 642. You never genocided any monsters. You never polymorphed an object. You never changed form. You used no wishes. You never split a pudding. You wrote Elbereth's name 7 times, starting on turn 642. You violated your moral code, losing 3 points of alignment, starting on turn 1604. Dungeon overview: The Dungeons of Doom: levels 1 to 5 Level 1 a fountain a long staircase Level 2 a weapon shop, a fountain Level 3 a scroll shop, a fountain, a sink Level 4 a fountain stairs to The Gnomish Mines Level 5 a fountain The Gnomish Mines: levels 5 to 9 Level 5 stairs to The Dungeons of Doom Level 6 Level 7 many shops, a temple to Thoth, some fountains, some trees Level 8 Level 9 <- You were here History has recorded: On T:1 you entered the Dungeons of Doom to retrieve the Amulet of Yendor! On T:88 you reached level 2 of The Dungeons of Doom. On T:582 you reached level 3 of The Dungeons of Doom. On T:709 you reached level 4 of The Dungeons of Doom. On T:983 you reached level 5 of The Dungeons of Doom. On T:1003 you advanced to experience level 2. On T:1091 you reached level 1 of The Gnomish Mines. On T:1285 you advanced to experience level 3. On T:1449 you advanced to experience level 4. On T:1674 you reached level 2 of The Gnomish Mines. On T:1696 you reached level 3 of The Gnomish Mines. On T:1865 you advanced to experience level 5. On T:2119 you reached level 4 of The Gnomish Mines. On T:2189 you reached level 5 of The Gnomish Mines. On T:2304 you advanced to experience level 6. Score breakdown: Gold: 67 ( 6233 points) Experience: 6 levels (12456 points) Exploration: 9 levels ( 18.75%) (12377 points) Discoveries: 5 items ( 1.81%) ( 4037 points) Valuables value: (no points given unless you survive) Artifact value: 0 ( 0 points) Variety of kills: 24 monsters ( 6.30%) ( 7529 points) Turncount: 2553 turns ( -361 points) Survival: died (score multiplied by 80%) Total score: 33816 Latest messages: The ice troll turns to flee! The spell hits the ice troll! The ice troll turns to flee! You don't have enough energy to cast that spell. You miss the ice troll. You add to the writing in the dust with your fingers. The ice troll hits! (2x) The ice troll bites! You add to the writing in the dust with your fingers. The ice troll hits! (2x) The ice troll bites! You die... Final status: Goodbye Nobbs the Wizard, killed by an ice troll... You died in The Gnomish Mines on dungeon level 9 with 33816 points, and 67 pieces of gold, after 2553 moves. You were level 6 with a maximum of 43 hit points when you died.